 Dungeon Crawl Stone Soup version 0.30-a0-782-ge64f9170bb (webtiles) character file.

Game seed: 11022979285583827782

7 Jane the Ruffian (level 2, 0/26 HPs)
             Began as a Ghoul Berserker on Feb 27, 2023.
             Was a Follower of Trog.
             Killed from afar by a dart slug (5 damage)
             ... with a slug dart
             ... on level 1 of the Dungeon.
             The game lasted 00:00:48 (100 turns).

Jane the Ruffian (Ghoul Berserker)                   Turns: 100, Time: 00:00:49

Health: 0/26       AC:  3    Str: 19    XL:     2   Next: 0%
Magic:  1/1        EV: 11    Int:  3    God:    Trog [*.....]
Gold:   0          SH:  0    Dex:  8    Spells: 1/1 levels left

rFire   . . .      SeeInvis .      - Unarmed
rCold   + . .      Faith    .    (no shield)
rNeg    + + +      Spirit   .    b - +0 leather armour
rPois   ∞          Reflect  .    (no helmet)
rElec   .          Harm     .    (no cloak)
rCorr   .          Rampage  .    (no gloves)
Will    .....                    (no boots)
Stlth   +                        (no amulet)
HPRegen 0.00/turn                (no ring)
MPRegen 0.07/turn                (no ring)

@: inhibited regen
A: claws 1, cold resistance 1, negative energy resistance 3, inhibited
regeneration, torment resistance 2, devour on kill
a: Renounce Religion


You were on level 1 of the Dungeon.
You worshipped Trog.
Trog was aware of your devotion.
You visited 1 branch of the dungeon, and saw 1 of its levels.

Inventory:

Armour
 b - a +0 leather armour (worn)


   Skills:
 + Level 3.5 Fighting
 + Level 1.8 Armour
 + Level 1.8 Dodging
 + Level 3.5 Unarmed Combat


You had one spell level left.
You didn't know any spells.
Your spell library was empty.

Dungeon Overview and Level Annotations

Branches:
Dungeon (1/15)

Altars:


Innate Abilities, Weirdness & Mutations

You are immune to poison.
You have sharp fingernails.
Your flesh is cold resistant. (rC+)
You are immune to negative energy. (rN+++)
You do not regenerate when monsters are visible.
You are immune to unholy pain and torment.
You thrive by killing the living.


Message History

You scratch the kobold.
You kill the kobold!
Trog accepts your kill.
The endoplasm hits you but does no damage.
A bat comes into view.
The endoplasm hits you. The kobold closely misses you.
Things that are here:
a +0 dagger; 2 stones You scratch the endoplasm.
The endoplasm is almost dead.
The kobold barely misses you.
The endoplasm hits you but does no damage.
You scratch the endoplasm.
You kill the endoplasm!
Trog accepts your kill. The kobold completely misses you.
You scratch the bat.
The bat is moderately wounded.
The bat barely misses you. The kobold completely misses you.
The bat hits you but does no damage. The kobold barely misses you.
You barely miss the kobold. The bat barely misses you.
The kobold hits you with a +0 whip.
You scratch the kobold.
You kill the kobold!
Trog accepts your kill. The bat closely misses you.
The dart slug launches a dart at you. The slug dart hits you.
* * * LOW HITPOINT WARNING * * *
You have reached level 2!
You scratch the bat.
The bat is severely wounded.
The bat hits you but does no damage. The dart slug barely misses you.
The bat closely misses you. The bat attacks as you move away! The bat hits you.
* * * LOW HITPOINT WARNING * * *
The bat barely misses you. The dart slug launches a dart at you.
The slug dart hits you.
You die...

#.# #.# .# #.# #####.#
##.## #># #..†..# .....
#.# #.###.# ##.#..# #.#
#.# #.####.......
##.#####.###....)w......
.............##)..#....#
########.######..b##...#
#.# #.@....... #.#
#....#.#.# #.#
.......... #.#
..#..#..#.#.# ..##.
#..#....... ####
#..####.### #.. .. ..#
##


You could see a dart slug and a bat.

Vanquished Creatures
  2 endoplasms (D:1)
  2 quokkas (D:1)
  2 kobolds (D:1)
6 creatures vanquished.

Notes
Turn   | Place    | Note
-------+----------+-------------------------------------------
     0 | D:1      | Jane the Ghoul Berserker began the quest for the Orb.
     0 | D:1      | Reached XP level 1. HP: 19/19 MP: 0/0
    98 | D:1      | Reached XP level 2. HP: 6/26 MP: 1/1
   100 | D:1      | Killed from afar by a dart slug

Illustrated notes

Levels and vault maps discovered:
D:1:      dpeg_arrival_ternary, layout_loops_ring, minmay_tetromino_o4

Action                     || total
---------------------------++-------
  Melee: Unarmed           ||    13
 Armour: Leather armour    ||     4
  Dodge: Dodged            ||    13

Table legend: (Time is in decaauts)
 A = Elapsed time spent in this place.
 B = Non-inter-level travel time spent in this place.
 C = Inter-level travel time spent in this place.
 D = Time resting spent in this place.
 E = Time spent auto-exploring this place.
 F = Levels seen in this place.
 G = Mean time per level.
                   A        B        C        D        E       F      G
               +--------+--------+--------+--------+--------+-----+--------+
         Total |     99 |     92 |      7 |      0 |     42 |   1 |   99.0 |
       Dungeon |     99 |     92 |      7 |      0 |     42 |   1 |   99.0 |
               +--------+--------+--------+--------+--------+-----+--------+

Top non-repeatable levels by time:
     D:1: 99 daAuts
